 Dungeon Crawl Stone Soup version 0.28.0 (webtiles) character file.

Game seed: 1354825419248482494

63746 tilp the Severer (level 15, -2/129 (132) HPs)
             Began as a Hill Orc Fighter on Feb 13, 2022.
             Was the Champion of Ru.
             Slain by Donald (28 damage)
             ... on level 2 of the Orcish Mines.
             The game lasted 00:33:29 (25704 turns).

tilp the Severer (Hill Orc Fighter)                Turns: 25704, Time: 00:33:29

HP:   -2/129 (132)  AC: 23    Str: 30    XL:     15   Next: 10%
MP:   12/15         EV:  4    Int:  4    God:    Ru [******]
Gold: 2081          SH: 14    Dex: 10    Spells: 14/14 levels left

rFire   + . .      SeeInvis .   a - +0 broad axe (venom)
rCold   . . .      Faith    .   S - +4 kite shield of Restlessness {Str+3 Int-4 Slay+3}
rNeg    . . .      Spirit   .   L - +0 plate armour
rPois   .          Reflect  .   n - +1 helmet
rElec   .          Harm     .   u - +1 cloak {rCorr}
rCorr   +          Rampage  .   t - +1 pair of gloves
Will    ++...                   f - +1 pair of boots
Stlth   ..........              E - amulet of regeneration
HPRegen 1.11/turn               o - ring of protection from cold
MPRegen 0.14/turn               R - ring of the Garden {Fire Will+}

@: exhausted, studying 3 skills, lightly drained
A: inability to use devices, hated by all, no hexes magic, no necromancy magic,
no poison magic, reduced EV 1, unskilled 1
a: Renounce Religion, Draw Out Power, Power Leap, Apocalypse


You were on level 2 of the Orcish Mines.
You worshipped Ru.
Ru was exalted by your worship.
You visited 4 branches of the dungeon, and saw 20 of its levels.
You also visited: Bailey.

You collected 3121 gold pieces.
You spent 1040 gold pieces at shops.

Inventory:

Hand Weapons
 a - a +0 broad axe of venom (weapon)
 b - a +2 war axe of flaming
 J - the +11 hand axe of Lust {freeze, rC+ Will+ Str-3 SInv}
   (You found it on level 2 of the Dungeon)

   It freezes those it strikes, dealing additional cold damage.
   It can also slow down cold-blooded creatures.
   Str:       It affects your strength (-3).
   rC:        It protects you from cold.
   SInv:      It lets you see invisible.
   Will:      It increases your willpower.
Missiles
 e - 12 javelins
 m - 41 boomerangs (quivered)
 p - 5 throwing nets
 x - 25 poisoned darts
 F - 5 silver boomerangs
 O - 5 atropa-tipped darts
 T - 5 datura-tipped darts
 W - 2 curare-tipped darts
 Z - 4 silver javelins
Armour
 f - a +1 pair of boots (worn)
 n - a +1 helmet (worn)
 t - a +1 pair of gloves (worn)
 u - a +1 cloak of preservation (worn)
 y - a +1 hat of see invisible
 L - a +0 plate armour (worn)
 P - a scarf of shadows
 S - the +4 kite shield of Restlessness (worn) {Str+3 Int-4 Slay+3}
   (You took it off a gnoll sergeant on level 5 of the Dungeon)

   Str:       It affects your strength (+3).
   Int:       It affects your intelligence (-4).
   Slay:      It affects your accuracy & damage with ranged weapons and melee
   (+3).
Jewellery
 i - an amulet of guardian spirit
 o - a ring of protection from cold (left hand)
 z - a ring of poison resistance
 E - an amulet of regeneration (around neck)
 R - the ring of the Garden (right hand) {Fire Will+}
   (You took it off a gnoll on level 5 of the Dungeon)

   [ring of fire]

   It enhances your fire magic.
   rF:        It protects you from fire.
   rC:        It makes you vulnerable to cold.
   Will:      It increases your willpower.
Scrolls
 c - a scroll of magic mapping
 g - 4 scrolls of vulnerability
 j - 5 scrolls of teleportation
 s - 3 scrolls of fog
 v - 4 scrolls of enchant weapon
 C - 4 scrolls of blinking
 N - 6 scrolls of identify
 X - a scroll of fear
Potions
 d - 2 potions of might
 h - 6 potions of heal wounds
 k - 7 potions of curing
 q - 4 potions of lignification
 r - 5 potions of flight
 A - a potion of resistance
 D - a potion of mutation
 H - a potion of haste
 Q - a potion of magic
 U - a potion of attraction
 V - 3 potions of invisibility


   Skills:
 + Level 12.0 Fighting
 + Level 17.2 Axes
 - Level 3.6 Throwing
 - Level 9.1 Armour
 + Level 9.1 Dodging
 - Level 3.6 Stealth
 - Level 9.3 Shields


You had 14 spell levels left.
You didn't know any spells.
Your spell library contained the following spells:

 Spells                   Type           Power      Damage    Failure   Level
 Sandblast                Erth           0%         2d4       100%        1
 Passwall                 Tmut/Erth      0%         N/A       100%        2
 Gell's Gravitas          Tloc           0%         N/A       100%        3
 Lesser Beckoning         Tloc           0%         N/A       100%        3
 Stone Arrow              Conj/Erth      0%         3d7       100%        3
 Swiftness                Air            0%         N/A       100%        3
 Teleport Other           Tloc           0%         N/A       100%        3
 Iskenderun's Mystic Bla  Conj/Tloc      0%         2d3       100%        4
 Iron Shot                Conj/Erth      0%         9d1       100%        6
 Starburst                Conj/Fire      0%         6d3       100%        6
 Shatter                  Erth           0%         3d5*      100%        9
 Ensorcelled Hibernation  Hex/Ice        Unusable   N/A       N/A         2
 Dazzling Flash           Conj/Hex       Unusable   N/A       N/A         3
 Animate Dead             Necr           Unusable   N/A       N/A         4
 Alistair's Intoxication  Tmut/Pois      Unusable   N/A       N/A         5
 Borgnjor's Vile Clutch   Necr/Erth      Unusable   N/A       N/A         5
 Death Channel            Necr           Unusable   N/A       N/A         6
 Eringya's Noxious Bog    Tmut/Pois      Unusable   N/A       N/A         6

Dungeon Overview and Level Annotations

Branches:
Dungeon (11/15)            Temple (1/1) D:5            Lair (6/6) D:8
  Swamp (0/4) Lair:4        Snake (0/4) Lair:4        Slime (0/5) Lair:6
    Orc (2/2) D:11         Bailey (visited)
    Elf: Orc:2

Altars:
Ashenzari
Cheibriados
Dithmenos
Elyvilon
Fedhas
Gozag
Hepliaklqana
Kikubaaqudgha
Makhleb
Nemelex Xobeh
Okawaru
Qazlal
Ru
Sif Muna
Trog
Uskayaw
Vehumet
Wu Jian
Xom
Yredelemnul
Zin
The Shining One
Beogh
Jiyva

Shops:
D:7 (   Orc:1 :

Annotations:
D:8 fire dragon behind doors, exclusion: 2 doors
D:10 cold vault
Lair:4 1 runed translucent door, dorian's ghost, journeyman TeAE
Lair:6 3 runed translucent doors, Fafes's ghost, journeyman DrFE
Orc:2 Donald


Innate Abilities, Weirdness & Mutations

You cannot study or use magical devices.
You are hated by all.
You cannot study or cast Hexes magic.
You cannot study or cast Necromancy magic.
You cannot study or cast Poison magic.
You have somewhat slow reflexes. (EV -5)
You are somewhat unskilled. (-1 Apt)


Message History

Donald blocks your attack.
Donald is heavily wounded.
Donald hits you with a +3 scimitar of holy wrath!!
* * * LOW HITPOINT WARNING * * *
You block Donald's attack. Donald blocks your attack.
Donald is heavily wounded.
Donald barely misses you.
Unknown command.
Donald blocks your attack.
Donald is heavily wounded.
Donald hits you with a +3 scimitar of holy wrath!
* * * LOW HITPOINT WARNING * * *
Unknown command.
Donald hits you but does no damage.
Donald is stunned by your conviction and fails to attack.
Donald hits you but does no damage.
Okay, then.
Donald says, "The people that built this place?
They must be crazy."
You block Donald's attack.
Donald hits you with a +3 scimitar of holy wrath!!
* * * LOW HITPOINT WARNING * * *
You focus your inner power and blind Donald in retribution!
Unknown command.
Donald says, "Missing something?"
Okay, then.
You feel much better.
Donald hits you with a +3 scimitar of holy wrath.
* * * LOW HITPOINT WARNING * * *
You block Donald's attack.
Unknown command.
You catch the helpless Donald completely off-guard!
You slash Donald!
Donald is severely wounded.
You block Donald's attack.
You hit Donald.
Donald is severely wounded.
Donald looks more healthy.
Donald is no longer blind.
Donald hits you with a +3 scimitar of holy wrath!!
You die...

......#.................##
.......#.................####
#.#...................#...#.##
............##....#..###.....#
............#.........#.....####
......................#......#.##
.................................
..........................)......
...).......#....@....######..####
.................@...# #..#
...........#.........# #..####
......#...####.......# #)))...
........... ##......###+##..###.
#.........# ##............)#
#........## #.......###+###.#
.......... #........# #.#
##.......# #..


You could see Donald (fast, strong).

Vanquished Creatures
  Gastronok (Lair:2)
  An orc warlord (Orc:1)
  Nessos (Orc:2)
  A dire elephant (Lair:6)
  3 boulder beetles (Lair:6)
  6 hydras
  A merfolk avatar (Lair:6)
  2 two-headed ogres
  5 death yaks (Lair:6)
  Urug (Lair:2)
  Sonja (Lair:2)
  5 skeletal warriors
  2 sea snakes (Lair:6)
  A lindwurm (Lair:5)
  3 orc knights
  A cyclops (D:7)
  8 elephants
  7 black mambas
  12 cane toads
  2 torpor snails (Lair:6)
  9 komodo dragons
  4 rime drakes
  An unseen horror (D:11)
  The ghost of manifold the Skirmisher, an amateur OgTm (D:5)
  3 hornets
  9 polar bears
  The ghost of multipassport the Ducker, an amateur HuMo of Zin (D:4)
  3 trolls
  2 snapping turtles (Lair:6)
  A tyrant leech (Lair:4)
  18 blink frogs
  Sigmund (D:4)
  3 wraiths
  8 wyverns
  61 yaks
  3 shadows
  4 basilisks
  Eustachio (D:4)
  3 steam dragons
  5 vampire mosquitoes
  4 wargs
  An acid dragon (D:9)
  14 water moccasins
  17 orc warriors
  9 black bears
  2 ice beasts (D:7)
  3 sky beasts
  18 wolves
  4 ogres
  A necrophage (D:7)
  6 centaurs
  A phantom (D:4)
  A kobold brigand (D:7)
  A wyvern zombie (D:7)
  10 bullfrogs
  3 gnoll sergeants
  3 scorpions
  5 killer bees (D:9)
  9 wights
  6 howler monkeys
  3 electric eels
  5 centaur zombies
  7 hounds
  Crazy Yiuf (D:3)
  2 jellies
  A bullfrog skeleton (D:6)
  3 centaur skeletons (D:7)
  6 orc priests
  2 gnoll shamans
  2 iguanas
  Ijyb (D:4)
  8 orc wizards
  7 hell rats (Lair:3)
  A killer bee zombie (D:7)
  A hound skeleton (D:5)
  Robin (D:2)
  19 gnolls
  6 adders
  2 shadow imps
  An adder skeleton (D:4)
  A worm (D:2)
  6 dart slugs
  36 orcs
  13 endoplasms
  6 giant cockroaches
  14 goblins
  9 hobgoblins
  2 jackals (D:3)
  13 kobolds
  2 quokkas
  5 ball pythons
  2 bats (D:3)
  A frilled lizard (D:1)
  6 rats
  A bush (Lair:5)
519 creatures vanquished.

Vanquished Creatures (others)
  A water moccasin (Lair:5)
  An electric eel (Lair:4)
  19 fungi
  63 plants
84 creatures vanquished.

Grand Total: 603 creatures vanquished

Notes
Turn   | Place    | Note
-------+----------+-------------------------------------------
     0 | D:1      | tilp the Hill Orc Fighter began the quest for the Orb.
     0 | D:1      | Reached XP level 1. HP: 19/19 MP: 1/1
    27 | D:1      | Reached skill level 3 in Axes
    95 | D:1      | Reached XP level 2. HP: 27/27 MP: 2/2
   420 | D:1      | Reached skill level 4 in Axes
   448 | D:1      | Reached XP level 3. HP: 32/33 MP: 3/3
  1081 | D:2      | Identified the +11 hand axe of Lust {freeze, rC+ Will+
                  | Str-3 SInv}
  1323 | D:2      | Reached skill level 5 in Axes
  1412 | D:2      | Noticed Robin
  1415 | D:2      | Killed Robin
  1416 | D:2      | Reached XP level 4. HP: 38/40 MP: 4/4
  1834 | D:3      | Reached skill level 6 in Axes
  1842 | D:3      | Reached XP level 5. HP: 45/46 MP: 5/5
  2283 | D:3      | Found a runed translucent door.
  2284 | D:3      | Noticed Crazy Yiuf
  2708 | D:3      | Killed Crazy Yiuf
  2709 | D:3      | Reached XP level 6. HP: 33/52 MP: 6/6
  2903 | D:4      | Reached skill level 1 in Throwing
  2903 | D:4      | Reached skill level 1 in Stealth
  2934 | D:4      | Reached skill level 1 in Dodging
  2984 | D:4      | Found a transporter.
  2984 | D:4      | Noticed multipassport's ghost (amateur HuMo)
  2998 | D:4      | Found a transporter.
  3037 | D:4      | Noticed Eustachio
  3049 | D:4      | Killed Eustachio
  3050 | D:4      | Reached skill level 7 in Axes
  3050 | D:4      | Reached XP level 7. HP: 40/60 MP: 7/7
  3165 | D:4      | Noticed Sigmund
  3174 | D:4      | Killed Sigmund
  3333 | D:4      | Noticed Ijyb
  3342 | D:4      | Killed Ijyb
  3343 | D:4      | Reached skill level 5 in Fighting
  3601 | D:5      | Entered Level 5 of the Dungeon
  3609 | D:5      | Noticed a wyvern
  3612 | D:5      | Reached skill level 8 in Axes
  3615 | D:5      | Killed a wyvern
  3616 | D:5      | Reached XP level 8. HP: 51/69 MP: 8/8
  3838 | D:5      | Noticed a wraith
  3845 | D:5      | Reached skill level 9 in Axes
  3847 | D:5      | Noticed a yak
  3856 | D:5      | Killed a wraith
  3864 | D:5      | Killed a yak
  3865 | D:5      | Reached skill level 10 in Axes
  3906 | D:5      | Identified the +0 spear of the Endless Expanse {venom,
                  | Str+4}
  3906 | D:5      | Identified the +4 kite shield of Restlessness {Str+3 Int-4
                  | Slay+3}
  4053 | D:5      | Found a transporter.
  4053 | D:5      | Found a transporter.
  4122 | D:5      | Noticed manifold's ghost (amateur OgTm)
  4223 | D:5      | Reached XP level 9. HP: 76/79 MP: 9/9
  4253 | D:5      | Found a staircase to the Ecumenical Temple.
  4274 | D:5      | Reached skill level 11 in Axes
  4524 | D:5      | Identified the +7 spear "Iqoheadd" {freeze, Fragile rPois
                  | rN+ Dex+2}
  5018 | Temple   | Entered the Ecumenical Temple
  5397 | Temple   | Became a worshipper of Ru the Awakened
  5498 | D:6      | Identified the +7 hand axe "Beastslayer" {vorpal, rN++ MP-9
                  | Int+9}
  6598 | D:7      | Found Tisodushra's Weapon Emporium.
  6630 | D:7      | Reached skill level 12 in Axes
  6760 | D:7      | Noticed a hornet
  6771 | D:7      | Killed a hornet
  7147 | D:7      | Reached skill level 13 in Axes
  7329 | D:7      | Reached skill level 14 in Axes
  7341 | D:7      | Reached XP level 10. HP: 88/88 MP: 10/10
  7397 | D:7      | Reached skill level 1 in Evocations
  7420 | D:7      | Noticed a cyclops
  7435 | D:7      | Killed a cyclops
  7929 | D:7      | Reached skill level 5 in Armour
  8024 | D:7      | Reached skill level 5 in Shields
  8077 | D:7      | You fall into a shaft and drop 3 floors!
  8077 | D:10     | Entered Level 10 of the Dungeon
  8342 | D:10     | Noticed a skeletal warrior
  8342 | D:10     | Noticed a skeletal warrior
  8441 | D:9      | Reached XP level 11. HP: 90/97 MP: 11/11
  8495 | D:9      | Found a flagged portal.
  8513 | Bailey   | Entered a bailey
  8520 | Bailey   | Noticed an orc knight
  8621 | Bailey   | Noticed an orc knight
  8642 | Bailey   | Killed an orc knight
  8960 | Bailey   | Killed an orc knight
  9250 | D:8      | Noticed a fire dragon
  9482 | D:8      | Found a staircase to the Lair.
 10236 | D:9      | Noticed a two-headed ogre
 10241 | D:9      | Killed a two-headed ogre
 10586 | D:9      | Reached skill level 10 in Fighting
 10680 | D:10     | Noticed a two-headed ogre
 10683 | D:10     | Killed a two-headed ogre
 10858 | D:10     | Reached skill level 5 in Dodging
 10995 | D:10     | Found a glowing golden altar of the Shining One.
 11235 | D:10     | Noticed a skeletal warrior
 11248 | D:10     | Killed a skeletal warrior
 11259 | D:10     | Killed a skeletal warrior
 11259 | D:10     | Noticed a skeletal warrior
 11260 | D:10     | Reached XP level 12. HP: 106/106 MP: 7/12
 11856 | D:10     | Identified the -5 buckler of Knowledge {MP+9 Str+4 Dex+4}
 12048 | D:11     | Gained mutation: You cannot study or cast Poison magic. [Ru
                  | sacrifice]
 12048 | D:11     | Gained mutation: You cannot study or cast Hexes magic. [Ru
                  | sacrifice]
 12048 | D:11     | Gained mutation: You cannot study or cast Necromancy magic.
                  | [Ru sacrifice]
 12048 | D:11     | Reached * piety under Ru
 12280 | D:11     | Found a staircase to the Orcish Mines.
 12288 | D:11     | Found a roughly hewn altar of Beogh.
 13891 | D:10     | Found a glowing golden altar of the Shining One.
 14383 | D:4      | Killed multipassport's ghost
 14514 | D:5      | Identified the ring of the Garden {Fire Will+}
 14557 | D:5      | Killed manifold's ghost
 14558 | D:5      | Reached skill level 10 in Shields
 15031 | Lair:1   | Entered Level 1 of the Lair of Beasts
 15056 | Lair:1   | Noticed a five-headed hydra
 15072 | Lair:1   | Killed a five-headed hydra
 15404 | Lair:1   | Noticed a seven-headed hydra
 15413 | Lair:1   | Killed a seven-headed hydra
 15824 | Lair:1   | Reached skill level 5 in Evocations
 16011 | Lair:1   | Noticed a four-headed hydra
 16021 | Lair:1   | Killed a four-headed hydra
 16138 | Lair:1   | Reached XP level 13. HP: 112/113 MP: 13/13
 16315 | Lair:1   | Identified a scroll of acquirement
 16429 | Lair:2   | Noticed Sonja
 16433 | Lair:2   | Killed Sonja
 16433 | Lair:2   | Noticed Urug
 16809 | Lair:2   | Killed Urug
 17064 | Lair:2   | Reached skill level 15 in Axes
 17280 | Lair:2   | Gained mutation: You are hated by all. [Ru sacrifice]
 17280 | Lair:2   | Reached ** piety under Ru
 17280 | Lair:2   | Reached *** piety under Ru
 17402 | Lair:2   | Noticed Gastronok
 17416 | Lair:2   | Killed Gastronok
 18479 | Lair:3   | Reached skill level 10 in Armour
 19319 | Lair:3   | Reached skill level 16 in Axes
 20324 | Lair:4   | Found a runed translucent door.
 20324 | Lair:4   | Found a shimmering altar of Xom.
 20324 | Lair:4   | Noticed dorian's ghost (journeyman TeAE)
 20333 | Lair:4   | Found a staircase to the Snake Pit.
 20676 | Lair:4   | Found a staircase to the Swamp.
 21013 | Lair:5   | Reached XP level 14. HP: 96/121 MP: 14/14
 21189 | Lair:5   | Gained mutation: You are somewhat unskilled. (-1 Apt) [Ru
                  | sacrifice]
 21189 | Lair:5   | Reduced skill Axes to level 15
 21189 | Lair:5   | Reached **** piety under Ru
 21764 | Lair:6   | Entered Level 6 of the Lair of Beasts
 21865 | Lair:6   | Reached skill level 10 in Fighting
 21872 | Lair:6   | Noticed a dire elephant
 21873 | Lair:6   | Identified the +1 helmet of the Monkey's Uncle {rCorr}
 21898 | Lair:6   | Killed a dire elephant
 21899 | Lair:6   | Reached skill level 16 in Axes
 22639 | Lair:6   | Found a runed translucent gate.
 22639 | Lair:6   | Found a runed translucent gate.
 22639 | Lair:6   | Found a runed translucent gate.
 22947 | Lair:6   | Gained mutation: You have somewhat slow reflexes. (EV -5)
                  | [Ru sacrifice]
 22947 | Lair:6   | Reached ***** piety under Ru
 23511 | Lair:6   | Got Sif Muna's Reference Book on Earth
 24220 | Lair:6   | Reached skill level 17 in Axes
 24367 | Lair:6   | Found a staircase to the Slime Pits.
 24412 | Lair:6   | Noticed Fafes's ghost (journeyman DrFE)
 24417 | Lair:6   | Acquired 747 gold pieces
 24752 | Orc:1    | Entered Level 1 of the Orcish Mines
 24794 | Orc:1    | Noticed an orc warlord
 24798 | Orc:1    | Reached XP level 15. HP: 113/116 MP: 6/15
 24804 | Orc:1    | Killed an orc warlord
 24951 | Orc:1    | Found Ziahiev's Book Shop.
 24961 | Orc:1    | Bought a manual of Fighting for 1040 gold pieces
 25138 | Orc:1    | Gained mutation: You cannot study or use magical devices.
                  | [Ru sacrifice]
 25138 | Orc:1    | Reached ****** piety under Ru
 25358 | Orc:2    | Entered Level 2 of the Orcish Mines
 25394 | Orc:2    | Noticed Nessos
 25411 | Orc:2    | Killed Nessos
 25676 | Orc:2    | Noticed Donald
 25700 | Orc:2    | HP: 1/129 [Donald (28)]
 25704 | Orc:2    | Slain by Donald

Illustrated notes

Levels and vault maps discovered:
D:1:      roderic_octagonal_star, layout_loops_ring
D:2:      layout_loops_ring, uniq_robin
D:3:      layout_loops_ring, uniq_crazy_yiuf_cottage
D:4:      layout_cave_pools, gammafunk_ghost_arena, minivault_24, uniq_sigmund,
          uniq_eustachio, uniq_ijyb
D:5:      layout_layer_cave, minmay_temple_entry_overgrown,
          gammafunk_ghost_gnarly_gnolls, minivault_26, minmay_manual_monstrance
D:6:      layout_layer_cave, serial_park_tiny_pond, minmay_misc_feat_ornament
D:7:      minmay_the_grid_plus_closed [minmay_the_grid_plusring,
          minmay_the_grid_large_cup, minmay_the_grid_all_tris,
          minmay_the_grid_expand, minmay_the_grid_prize_big_room],
          layout_loops_cross, serial_shops, nicolae_stop_n_shop_1
D:8:      layout_basic, minmay_lair_entry_lava
D:9:      layout_irregular_city, enter_bailey_4
D:10:     lemuel_ice_spiral_2, layout_irregular_city,
          mainiacjoe_overflow_surrounded_room, serial_bayou_ford_a
D:11:     layout_basic, minmay_orc_entry_temple_small, grunt_ministairs_10
Temple:   roderic_octagonal_lattice_temple
Lair:1:   layout_regular_city
Lair:2:   layout_long_grid, minivault_27, chequers_serial_rivers_micro_d,
          grunt_forest_stairs_basic, grunt_megastairs_4, uniq_gastronok,
          uniq_urug, uniq_sonja
Lair:3:   beast_lair_carwin_large_3, layout_regular_city,
          chequers_serial_rivers_micro_b, serial_bayou_shore_a
Lair:4:   layout_concentric_octagons, minmay_swamp_entry_worms,
          dummy_snake_entry, ebering_ghost_xom, fungi_pond_lemuel,
          grunt_megastairs_1, infiniplex_staircase_pool
Lair:5:   layout_regular_city, grunt_forest_large_clearing_hut
Lair:6:   gammafunk_lair_ancient_temple, layout_cave_pods, slime_altar_1,
          ebering_ghost_rock_garden, nzn_sisyphean_effort, lemuel_fruit_fields,
          serial_bayou_shore_b
Orc:1:    layout_diamond_mine, serial_shops, nicolae_lakefront_shop
Orc:2:    st_orc_town, layout_caves, basic_altar, hellmonk_bongcloud_opening,
          uniq_nessos, uniq_donald

Skill      XL: |  1  2  3  4  5  6  7  8  9 10 11 12 13 14 15 |
---------------+----------------------------------------------+-----
Axes           | 3 4 5 6 7 8 10 14 16 17 | 17.2
Fighting       | 4 5 7 8 9 10 11 12 | 12.0
Throwing       | 1 2 3 4 3 |  3.6
Stealth        | 1 2 3 4 3 |  3.6
Dodging        | 1 2 3 5 6 8 8 9 |  9.1
Armour         | 4 5 7 9 10 9 |  9.1
Shields        | 4 5 7 10 9 |  9.3
Evocations     | 3 4 5 8 7 0 |  0.0

Action                   |  1- 3 |  4- 6 |  7- 9 | 10-12 | 13-15 || total
-------------------------+-------+-------+-------+-------+-------++-------
Melee: War axe           |    62 |       |       |   117 |       ||   179
       Hand axe          |    17 |   100 |   175 |   378 |       ||   670
       Broad axe         |       |       |       |    55 |   747 ||   802
       Morningstar       |       |       |       |    15 |    17 ||    32
Throw: Boomerang         |       |       |       |    39 |       ||    39
       Dart              |       |       |       |     2 |       ||     2
Invok: Reject Sacrifices |       |       |     1 |       |       ||     1
       Sacrifice Arcana  |       |       |       |     1 |       ||     1
       Sacrifice Love    |       |       |       |       |     1 ||     1
       Draw Out Power    |       |       |       |       |     3 ||     3
       Apocalypse        |       |       |       |       |     1 ||     1
       Sacrifice Health  |       |       |       |       |     1 ||     1
       Sacrifice Skill   |       |       |       |       |     1 ||     1
       Power Leap        |       |       |       |       |     2 ||     2
       Sacrifice Artific |       |       |       |       |     1 ||     1
Evoke: Box of beasts     |       |       |       |     1 |       ||     1
       Phial of floods   |       |       |       |     1 |       ||     1
       Wand              |       |       |       |     1 |     2 ||     3
  Use: Scroll            |     2 |     2 |    11 |     7 |     8 ||    30
       Potion            |       |       |     1 |     9 |     3 ||    13
 Stab: Invisible         |       |       |       |       |     3 ||     3
       Distracted        |       |       |       |       |     3 ||     3
       Paralysed         |       |       |       |       |     5 ||     5
Armor: Scale mail        |    29 |    28 |     5 |       |       ||    62
       Chain mail        |       |       |    90 |    68 |       ||   158
       Plate armour      |       |       |       |   151 |   329 ||   480
Dodge: Dodged            |    27 |    35 |    41 |   142 |   146 ||   391
Block: Buckler           |    12 |    17 |    23 |    78 |       ||   130
       Kite shield       |       |       |       |    64 |   493 ||   557
